 Dungeon Crawl Stone Soup version 0.29.1-4-g47bece8355 (webtiles) character file.

Game seed: 17597703809274443555

9 IcyTea the Cudgeller (level 2, 0/29 HPs)
             Began as a Gnoll Cinder Acolyte on Dec 9, 2022.
             Was a High Priest of Ignis.
             Slain by a kobold
             ... wielding a +0 dagger
              (2 damage)
             ... on level 1 of the Dungeon.
             The game lasted 00:00:33 (341 turns).

IcyTea the Cudgeller (Gnoll Cinder Acolyte)          Turns: 341, Time: 00:00:33

Health: 0/29       AC:  2    Str: 13    XL:     2   Next: 16%
Magic:  5/5        EV: 11    Int: 13    God:    Ignis [*****.]
Gold:   15         SH:  0    Dex:  7    Spells: 6/6 levels left

rFire   + . .      SeeInvis .   a - -1 mace (flame)
rCold   . . .      Faith    .   (no shield)
rNeg    . . .      Spirit   .   b - +0 robe
rPois   .          Reflect  .   (no helmet)
rElec   .          Harm     .   (no cloak)
rCorr   .          Rampage  .   (no gloves)
Will    .....                   (no boots)
Stlth   +.........              (no amulet)
HPRegen 0.09/turn               (no ring)
MPRegen 0.09/turn               (no ring)

@: no status effects
A: fangs 1, strong nose, distributed training
a: Renounce Religion, Fiery Armour, Foxfire Swarm, Rising Flame


You were on level 1 of the Dungeon.
You worshipped Ignis.
Ignis was extremely pleased with you.
You visited 1 branch of the dungeon, and saw 1 of its levels.

You collected 15 gold pieces.

Inventory:

Hand Weapons
 a - a -1 mace of flaming (weapon)
Armour
 b - a +0 robe (worn)
Scrolls
 c - a scroll of fear {unknown}


   Skills:
 + Level 6.4 Fighting
 + Level 0.3 Short Blades
 + Level 0.3 Long Blades
 + Level 0.3 Axes
 + Level 6.4 Maces & Flails
 + Level 0.3 Polearms
 + Level 0.3 Staves
 + Level 0.3 Ranged Weapons
 + Level 0.3 Throwing
 + Level 0.3 Armour
 + Level 0.3 Dodging
 + Level 0.3 Stealth
 + Level 0.3 Shields
 + Level 0.3 Unarmed Combat
 + Level 2.7 Spellcasting
 + Level 0.2 Conjurations
 + Level 0.2 Hexes
 + Level 0.2 Summonings
 + Level 0.2 Necromancy
 + Level 0.2 Translocations
 + Level 0.2 Transmutations
 + Level 5.3 Fire Magic
 + Level 0.2 Ice Magic
 + Level 0.2 Air Magic
 + Level 0.2 Earth Magic
 + Level 0.2 Poison Magic
 + Level 0.4 Invocations
 + Level 0.3 Evocations


You had 6 spell levels left.
You didn't know any spells.
Your spell library contained the following spells:

 Spells                   Type           Power      Damage    Failure   Level
 Scorch                   Fire           30%        2d7       4%          2


Dungeon Overview and Level Annotations

Branches:
Dungeon (1/15)

Altars:


Innate Abilities, Weirdness & Mutations

You have very sharp teeth.
Your uncanny sense of smell can sniff out nearby items.
Your experience applies equally to all skills.


Message History

You hit the dart slug. You burn the dart slug.
The dart slug is severely wounded.
The endoplasm jiggles.
The dart slug launches a dart at you. The slug dart hits you.
You hit the dart slug. You burn the dart slug.
The dart slug is almost dead.
You hit the dart slug. You burn the dart slug.
You kill the dart slug!
You have reached level 2!
You hit the hobgoblin but do no damage. The hobgoblin hits you.
You barely miss the hobgoblin. The hobgoblin barely misses you.
You hit the hobgoblin. You burn the hobgoblin.
You kill the hobgoblin!
The endoplasm freezes you.
You are frozen.
You barely miss the kobold. The kobold hits you with a +0 dagger.
The endoplasm freezes you.
You are frozen.
You closely miss the kobold. Your bite misses the kobold.
The kobold hits you with a +0 dagger.
* * * LOW HITPOINT WARNING * * *
The endoplasm misses you.
You hit the endoplasm but do no damage.
You bite the endoplasm, but do no damage.
The kobold hits you but does no damage. The endoplasm hits you.
* * * LOW HITPOINT WARNING * * *
You hit the endoplasm but do no damage. Your bite misses the endoplasm.
The kobold hits you with a +0 dagger.
* * * LOW HITPOINT WARNING * * *
The endoplasm hits you.
* * * LOW HITPOINT WARNING * * *
The kobold closely misses you. The endoplasm hits you.
* * * LOW HITPOINT WARNING * * *
You hit the endoplasm but do no damage. The kobold barely misses you.
The endoplasm barely misses you.
You hit the endoplasm. You burn the endoplasm.
The endoplasm is moderately wounded.
The kobold hits you with a +0 dagger.
You die...

....#.#...#.#
.#...#.....# .####
..#..#.....# .....#
...###.....## #.....#
#..#..#...#..# #.......
.###...#.#...###........
#...#...#...#...#.......
.....#..#..#....J#......
...)).#####.....@K......
.....#..#..#.....#..####
#...#...#...#...#...#
.###...#.#...###....# #
#..#...#..# #$..#
###.....### #..# #.....#
..# #.....# ....
#.#...#.# ..


You could see an endoplasm and a kobold.

Vanquished Creatures
  A dart slug (D:1)
  2 endoplasms (D:1)
  A hobgoblin (D:1)
  A quokka (D:1)
  2 kobolds (D:1)
7 creatures vanquished.

Notes
Turn   | Place    | Note
-------+----------+-------------------------------------------
     0 | D:1      | IcyTea the Gnoll Cinder Acolyte began the quest for the
                  | Orb.
     0 | D:1      | Reached XP level 1. HP: 23/23 MP: 4/4
   333 | D:1      | Reached XP level 2. HP: 25/29 MP: 5/5
   341 | D:1      | Slain by a kobold

Illustrated notes

Levels and vault maps discovered:
D:1:      scummos_arrival_hexagon, layout_basic,
          shapermc_ecumenical_altar_mp_urbaneastern, minmay_splitting_lines

Action                   || total
-------------------------++-------
Melee: Mace              ||    27
       Bite              ||     3
Armor: Robe              ||     3
Dodge: Dodged            ||    17
